 Dungeon Crawl Stone Soup version 0.19.4-9-g45fd643 (webtiles) character file.

432 vatarom the Ducker (level 6, -5/59 HPs)
             Began as a Troll Monk on Feb 19, 2017.
             Was a Follower of Ru.
             Slain by Malhgor's ghost (16 damage)
             ... on level 4 of the Dungeon.
             The game lasted 00:06:14 (2501 turns).

vatarom the Ducker (Troll Monk)                     Turns: 2501, Time: 00:06:14

Health: -5/59      AC:  4    Str: 23    XL:     6   Next: 67%
Magic:  5/5        EV: 13    Int:  5    God:    Ru [*.....]
Gold:   110        SH:  0    Dex: 15    Spells: 0 memorised, 5 levels left

rFire  . . .     SeeInvis .       - Unarmed
rCold  . . .     Gourm    +     a - +0 robe
rNeg   . . .     Faith    .     (no shield)
rPois  .         Spirit   .     (helmet restricted)
rElec  .         Reflect  .     (no cloak)
rCorr  .         Harm     .     (gloves unavailable)
MR     .....                    (boots unavailable)
Stlth  +++.......               (no amulet)
                                (no ring)
                                h - +3 ring of strength

@: no scrolls
A: unfitting armour, claws 3, camouflage 1, agile 1, deformed body, dopey 1,
fast metabolism 3, gourmand, regeneration 1, shaggy fur 1, tough skin 2,
inability to read while threatened
a: Renounce Religion


You were on level 4 of the Dungeon.
You worshipped Ru.
Ru was aware of your devotion.
You were full.

You visited 1 branch of the dungeon, and saw 4 of its levels.

You collected 110 gold pieces.

Inventory:

Armour
 a - a +0 robe (worn)
Jewellery
 h - a +3 ring of strength (left claw)
Wands
 f - a wand of random effects (27/48)
Scrolls
 c - 3 scrolls of identify
 j - a scroll of magic mapping
Potions
 e - a potion of agility
 g - 2 potions of might
 l - a potion of brilliance {unknown}
Books
 k - a book of Necromancy

   Spells                             Type                      Level
   a - Pain                           Necromancy                   1
   b - Animate Skeleton               Necromancy                   1
   c - Vampiric Draining              Necromancy                   3
   d - Regeneration                   Charms/Necromancy            3
   e - Animate Dead                   Necromancy                   4
   f - Control Undead                 Necromancy                   4
Comestibles
 b - 4 bread rations
 d - a meat ration
 i - a royal jelly


   Skills:
 - Level 2.4 Fighting
 - Level 5.9 Dodging
 - Level 1.0 Stealth
 + Level 3.9 Unarmed Combat


You had 5 spell levels left.
You didn't know any spells.

Dungeon Overview and Level Annotations

Branches:
Dungeon (4/15)
 Temple: D:4-7

Altars:
Ru

Annotations:
D:4 Malhgor's ghost, amateur DDFi


Innate Abilities, Weirdness & Mutations

You are too large for most types of armour.
You have claws for hands.
Your metabolism is lightning-fast.
You like to eat raw meat.
Your natural rate of healing is unusually fast.
You are covered in fur. (AC +1)
You have very tough skin. (AC +2)
You cannot read scrolls while threatened.
Your skin changes colour to match your surroundings (Stealth+).
You are agile. (Dex +2)
Armour fits poorly on your strangely shaped body.
You are dopey. (Int -2)


Message History

Malhgor's ghost is heavily damaged.
Malhgor's ghost barely misses you.
You claw Malhgor's ghost!
Malhgor's ghost is severely damaged.
Malhgor's ghost hits you.
You closely miss Malhgor's ghost.
Malhgor's ghost is severely damaged.
Malhgor's ghost hits you.
You are too injured to fight recklessly!
You are too injured to fight recklessly!
You are too injured to fight recklessly!
You are too injured to fight recklessly!
You scratch Malhgor's ghost but do no damage.
Malhgor's ghost is severely damaged.
Malhgor's ghost hits you!
* * * LOW HITPOINT WARNING * * *
You barely miss Malhgor's ghost.
Malhgor's ghost is severely damaged.
Malhgor's ghost hits you!
You die...

.......##.....## ####..........
#............<..## #.......##...#
#................###.##..########
#................##..##.## #.#
.................#..###.#####.#
............รท......####.##....#
#.........>..........##.##.#..#
#....................#..##...##
##.....>........@W...#.##..###
.....................#.##..#
###......####..........##.##
#...#..............#....##
#...#..####.....#######..#
#...##..# #.....# ####
.....###.###.....#
###.#.###..#......#
..#....#........#


You could see Malhgor's ghost.

Vanquished Creatures
  An ogre (D:3)
  A phantom (D:3)
  A bullfrog (D:4)
  A hound (D:3)
  2 orc wizards (D:3)
  3 adders
  An ooze (D:1)
  A worm (D:2)
  2 leopard geckos
  5 orcs (D:3)
  A ball python (D:2)
  3 giant cockroaches
  8 goblins
  6 hobgoblins
  8 jackals (D:2)
  A quokka (D:2)
  5 bats
  5 frilled lizards
  13 kobolds
  A quokka skeleton (D:4)
  10 rats
79 creatures vanquished.

Notes
Turn   | Place    | Note
-------+----------+-------------------------------------------
     0 | D:1      | vatarom the Troll Monk began the quest for the Orb.
     0 | D:1      | Reached XP level 1. HP: 22/22 MP: 0/0
   170 | D:1      | Reached skill level 3 in Dodging
   170 | D:1      | Reached XP level 2. HP: 29/29 MP: 1/1
   311 | D:1      | Gained mutation: You are dopey. (Int -2) [potion of mutation]
   311 | D:1      | Gained mutation: Your skin changes colour to match your surroundings (Stealth+). [potion of mutation]
   311 | D:1      | Gained mutation: Your magical capacity is low. (-10% MP) [potion of mutation]
   628 | D:2      | Reached XP level 3. HP: 36/36 MP: 1/1
  1433 | D:3      | Reached skill level 4 in Dodging
  1485 | D:3      | Reached XP level 4. HP: 38/44 MP: 2/2
  1612 | D:3      | Found a sacrificial altar of Ru.
  1639 | D:3      | Became a worshipper of Ru the Awakened
  1641 | D:3      | Gained mutation: You cannot read scrolls while threatened. [Ru sacrifice]
  1641 | D:3      | Reached * piety under Ru
  1725 | D:3      | Reached XP level 5. HP: 49/50 MP: 3/3
  1811 | D:3      | Gained mutation: You are agile. (Dex +2) [potion of mutation]
  1811 | D:3      | Gained mutation: Armour fits poorly on your strangely shaped body. [potion of mutation]
  1811 | D:3      | Lost mutation: Your magical capacity is low. (-10% MP) [potion of mutation]
  2033 | D:3      | Noticed a phantom
  2062 | D:3      | Killed a phantom
  2062 | D:3      | Reached skill level 5 in Dodging
  2127 | D:4      | Noticed an ogre
  2189 | D:4      | Noticed a phantom
  2189 | D:4      | Noticed Malhgor's ghost (amateur DDFi)
  2295 | D:4      | Reached XP level 6. HP: 59/59 MP: 5/5
  2501 | D:4      | Slain by Malhgor's ghost

Skill      XL: |  1  2  3  4  5 |
---------------+----------------+-----
Dodging        | 3 4 5 |  5.9
Fighting       | |  2.4
Stealth        | |  1.0
Unarmed Combat | |  3.9

Action                   |  1- 3 |  4- 6 || total
-------------------------+-------+-------++-------
Melee: Unarmed           |   131 |   118 ||   249
       Punch             |     2 |     2 ||     4
Invok: Sacrifice Words   |       |     1 ||     1
  Use: Potion            |     5 |     1 ||     6
       Scroll            |     3 |     1 ||     4
 Stab: Sleeping          |     9 |     3 ||    12
       Distracted        |     1 |     1 ||     2
       Paralysed         |       |     1 ||     1
  Eat: Chunk             |    16 |     9 ||    25
Armor: Robe              |    46 |    19 ||    65
Dodge: Dodged            |    64 |    68 ||   132
